 Dungeon Crawl Stone Soup version 0.30-a0-920-g7493c07aab (webtiles) character file.

Game seed: 4353562851315841521

274189 selver the Slayer (level 19, -12/146 (195) HPs)
             Began as a Minotaur Fighter on Mar 22, 2023.
             Was an Initiate of Gozag.
             Killed from afar by a halazid warlock (36 damage)
             ... with a ghostly fireball
             ... in the Desolation of Salt on Mar 23, 2023.
             The game lasted 01:56:34 (34914 turns).

selver the Slayer (Minotaur Fighter)               Turns: 34914, Time: 01:56:34

HP:   -12/146 (195) AC: 31    Str: 34    XL:     19   Next: 52%
MP:   28/29         EV: 17    Int:  8    God:    Gozag
Gold: 3717          SH: 15    Dex: 25    Spells: 31/33 levels left

rFire   + . .      SeeInvis .    O - +7 war axe "Pendulum" {flame, Int+3}
rCold   + . .      Faith    .    z - +1 kite shield
rNeg    . . .      Spirit   .    b - +4 plate armour {rF+}
rPois   .          Reflect  .    s - +2 hat "Zacir" {Will- Str+3 Dex+8 Stlth+}
rElec   +          Rampage  +    B - scarf {repulsion}
rCorr   .                        e - +2 pair of gloves {hurl}
Will    ++...                    v - +1 pair of boots {rampage} Stlth
                                 I - amulet of regeneration
HPRegen 1.24/turn                X - ring of Qytenn {rElec rC+ Will++ Str+3 Dex+6}
MPRegen 0.21/turn                x - +4 ring of slaying

@: wereblooded, gold aura, studying 2 skills, very heavily drained, repel
missiles
A: horns 2, retaliatory headbutt
}: 2/15 runes: barnacled, gossamer
a: Renounce Religion, Potion Petition, Call Merchant, Bribe Branch


You were in the Desolation of Salt.
You worshipped Gozag.
Gozag was most pleased with you.
You visited 7 branches of the dungeon, and saw 34 of its levels.
You also visited: Sewer, Gauntlet and Desolation.

You collected 14789 gold pieces.
You spent 3449 gold pieces at shops.
You paid 7623 gold pieces to Gozag.

Inventory:

Hand Weapons
 O - the +7 war axe "Pendulum" (weapon) {flame, Int+3}
   (You found it on level 1 of the Spider Nest)

   Int:       It affects your intelligence (+3).
 P - the +10 battleaxe of Infinity {flame, Int+4 Dex-4}
   (You bought it in a shop on level 10 of the Dungeon)

   Int:       It affects your intelligence (+4).
   Dex:       It affects your dexterity (-4).
 R - the +7 war axe "Acaidir" {freeze, rC+ rN+ Will+ Str+2}
   (You bought it in a shop on level 2 of the Shoals)

   Str:       It affects your strength (+2).
   rC:        It protects you from cold.
   rN:        It protects you from negative energy.
   Will:      It increases your willpower.
 Z - the +6 battleaxe of the Kidney {flame, Int+3}
   (You found it in a Gauntlet)

   Int:       It affects your intelligence (+3).
Armour
 b - a +4 plate armour of fire resistance (worn)
 c - a +2 hat of see invisible
 e - a +2 pair of gloves of hurling (worn)
 s - the +2 hat "Zacir" (worn) {Will- Str+3 Dex+8 Stlth+}
   (You acquired it on level 2 of the Lair of Beasts)

   Str:       It affects your strength (+3).
   Dex:       It affects your dexterity (+8).
   Will:      It decreases your willpower.
   Stlth:     It makes you more stealthy.
 v - a +1 pair of boots of rampaging (worn)
 z - a +1 kite shield (worn)
 B - a scarf of repulsion (worn)
 D - the +4 ice dragon scales "Wosappy" {rElec rF- rC++ rCorr Str+4 SInv}
   (You found it in the Desolation of Salt)

   Str:       It affects your strength (+4).
   rF:        It makes you vulnerable to fire.
   rC:        It greatly protects you from cold.
   rElec:     It insulates you from electricity.
   SInv:      It lets you see invisible.
   rCorr:     It protects you from acid and corrosion.
 M - the +0 cloak "Niagas" {Will+ Int+4}
   (You bought it in a shop on level 2 of the Orcish Mines)

   Int:       It affects your intelligence (+4).
   Will:      It increases your willpower.
Jewellery
 a - an amulet of reflection
 i - a +5 ring of evasion
 j - a +6 ring of strength
 x - a +4 ring of slaying (right hand)
 E - a ring of resist corrosion
 I - an amulet of regeneration (around neck)
 L - a ring of poison resistance
 S - the necklace of Bloodlust {Fury *Rage Will++ Int-3 Slay+6}
   (You found it in a Gauntlet)

   [amulet of nothing]

   Fury:      It extends the wearer's berserk rage when killing foes.
   Int:       It affects your intelligence (-3).
   Slay:      It affects your accuracy & damage with ranged weapons and melee
   (+6).
   *Rage:     It berserks you when you make melee attacks (+50% chance).
   Will:      It greatly increases your willpower.
 T - an amulet of guardian spirit
 V - a ring of willpower
 X - the ring of Qytenn (left hand) {rElec rC+ Will++ Str+3 Dex+6}
   (You found it in a Gauntlet)

   [ring of dexterity]

   Str:       It affects your strength (+3).
   Dex:       It affects your dexterity (+6).
   rC:        It protects you from cold.
   rElec:     It insulates you from electricity.
   Will:      It greatly increases your willpower.
Wands
 t - a wand of digging (18)
 u - a wand of roots (3)
 U - a wand of mindburst (7)
Scrolls
 f - a scroll of magic mapping
 g - a scroll of brand weapon
 h - 6 scrolls of fear
 m - 3 scrolls of enchant weapon
 n - 4 scrolls of amnesia
 o - 15 scrolls of identify
 q - 6 scrolls of fog
 y - 8 scrolls of teleportation
 A - 5 scrolls of poison
 C - 4 scrolls of immolation
 W - 3 scrolls of butterflies
Potions
 d - a potion of berserk rage
 k - 11 potions of mutation
 l - 4 potions of heal wounds
 p - 4 potions of lignification
 r - 6 potions of might
 w - 6 potions of flight
 F - 8 potions of ambrosia
 G - 14 potions of curing
 H - 7 potions of haste
 K - a potion of cancellation
 N - 3 potions of attraction
 Q - 6 potions of brilliance
 Y - 7 potions of magic
Miscellaneous
 J - a lightning rod (4/4)


   Skills:
 + Level 23.1 Fighting
 - Level 22.6 Axes
 - Level 19.4 Armour
 - Level 12.2 Dodging
 - Level 10.4 Shields
 - Level 7.8 Spellcasting
 - Level 11.4 Transmutations


You had 31 spell levels left.
You knew the following spells:

 Your Spells              Type           Power      Damage    Failure   Level
a - Wereblood             Tmut           21%        N/A       2%          2

Your spell library contained the following spells:

 Spells                   Type           Power      Damage    Failure   Level
 Sting                    Tmut/Pois      48%        1d5       14%         1
 Passwall                 Tmut/Erth      10%        N/A       22%         2
 Ice Form                 Ice/Tmut       12%        N/A       82%         4
 Petrify                  Tmut/Erth      12%        N/A       82%         4
 Kiss of Death            Conj/Necr      12%        2d6       83%         1
 Magic Dart               Conj           12%        1d3       83%         1
 Summon Small Mammal      Summ           12%        N/A       83%         1
 Call Imp                 Summ           3%         N/A       93%         2
 Ensorcelled Hibernation  Hex/Ice        6%         N/A       93%         2
 Poisonous Vapours        Pois/Air       6%         N/A       93%         2
 Searing Ray              Conj           6%         2d4       93%         2
 Sublimation of Blood     Necr           3%         N/A       93%         2
 Call Canine Familiar     Summ           3%         N/A       99%         3
 Confusing Touch          Hex            3%         N/A       99%         3
 Dazzling Flash           Conj/Hex       6%         N/A       99%         3
 Frozen Ramparts          Ice            6%         1d1       99%         3
 Gell's Gravitas          Tloc           3%         N/A       99%         3
 Inner Flame              Hex/Fire       3%         N/A       99%         3
 Mephitic Cloud           Conj/Pois/Air  3%         N/A       99%         3
 Summon Guardian Golem    Hex/Summ       3%         N/A       99%         3
 Swiftness                Air            3%         N/A       99%         3
 Teleport Other           Tloc           3%         N/A       99%         3
 Dispel Undead            Necr           3%         3d7       100%        4
 Flame Wave               Conj/Fire      3%         2d5       100%        4
 Fulminant Prism          Conj/Hex       1%         3d5       100%        4
 Olgreb's Toxic Radiance  Pois           3%         N/A       100%        4
 Sticky Flame             Conj/Fire      3%         2d3       100%        4
 Summon Ice Beast         Ice/Summ       3%         N/A       100%        4
 Agony                    Necr           3%         N/A       100%        5
 Fireball                 Conj/Fire      1%         3d3       100%        5
 Iskenderun's Battlesphe  Conj           3%         2d6       100%        5
 Silence                  Hex/Air        1%         N/A       100%        5
 Summon Forest            Summ/Tloc      1%         N/A       100%        5
 Summon Mana Viper        Hex/Summ       3%         N/A       100%        5
 Death Channel            Necr           1%         N/A       100%        6
 Dispersal                Tloc           1%         N/A       100%        6
 Iron Shot                Conj/Erth      1%         9d1       100%        6
 Summon Cactus Giant      Summ           1%         N/A       100%        6
 Haunt                    Necr/Summ      1%         N/A       100%        7
 Spellforged Servitor     Conj/Summ      1%         N/A       100%        7
 Summon Hydra             Summ           1%         N/A       100%        7
 Borgnjor's Revivificati  Necr           1%         N/A       100%        8
 Infestation              Necr           1%         N/A       100%        8
 Animate Dead             Necr           Unusable   N/A       N/A         4

Dungeon Overview and Level Annotations

Branches:
Dungeon (15/15)            Temple (1/1) D:6            Lair (5/5) D:9
 Shoals (4/4) Lair:2       Spider (4/4) Lair:2        Slime (0/5) Lair:5
    Orc (2/2) D:10            Elf (0/3) Orc:2        Vaults (3/5) D:14
  Crypt (0/3) Vaults:2     Depths (0/4) D:15          Sewer (visited)
Desolation (1/1)          Gauntlet (visited)

Altars:
Ashenzari
Cheibriados
Dithmenos
Elyvilon
Fedhas
Gozag
Hepliaklqana
Kikubaaqudgha
Makhleb
Nemelex Xobeh
Okawaru
Qazlal
Ru
Sif Muna
Trog
Uskayaw
Vehumet
Wu Jian
Xom
Yredelemnul
Zin
The Shining One
Jiyva

Shops:
D:3 [   D:5 *   D:10 *=(((   Orc:2 **((   Lair:2 [[   Shoals:1 *   Shoals:2 (=

Annotations:
D:9 exclusion: orange crystal statue
Shoals:2 exclusion: oklob plant


Innate Abilities, Weirdness & Mutations

You have a pair of horns on your head.
You reflexively headbutt those who attack you in melee.


Message History

You slice the halazid warlock!! You burn the halazid warlock.
Your headbutt misses the halazid warlock.
The halazid warlock is heavily damaged.
You slice the saltling!! You burn the saltling.
You destroy the saltling!
The saltling dissolves into shadows!
You hit the saltling but do no damage. You barely miss the peacekeeper.
You slash the saltling! You burn the saltling.
The peacekeeper barely misses you. You furiously retaliate!
You headbutt the peacekeeper.
The peacekeeper claws you but does no damage.
The saltling hits you! You block the saltling's attack.
You slice the halazid warlock!! You burn the halazid warlock.
The halazid warlock is severely damaged.
You hit the saltling. You burn the saltling.
You hit the peacekeeper but do no damage.
You hit the saltling but do no damage. You barely miss the peacekeeper.
The peacekeeper closely misses you. You block the peacekeeper's attack.
The peacekeeper misses you. You block the peacekeeper's attack.
The halazid warlock gestures at the saltling while chanting.
The saltling's animating energy erupts into ghostly fire!
The ghostly flame explodes!
The ghostly fireball engulfs the saltling.
The saltling completely resists.
The ghostly fireball engulfs you!!
You feel drained.
* * * LOW HITPOINT WARNING * * *
The ghostly fireball engulfs the peacekeeper.
The peacekeeper completely resists.
The saltling hits you.
* * * LOW HITPOINT WARNING * * *
Okay, then.
You feel much better. The peacekeeper closely misses you.
The peacekeeper claws you!
* * * LOW HITPOINT WARNING * * *
You block the peacekeeper's attack. The peacekeeper claws you.
* * * LOW HITPOINT WARNING * * *
The halazid warlock points at the saltling and mumbles some strange words.
The saltling's animating energy erupts into ghostly fire!
The ghostly flame explodes!
The ghostly fireball engulfs you!!!
You feel drained.
You die...
Your body crumbles into a pile of gold.

.... ......#[.#...## ...
#............####..#.. .
.#................#.[
..##.8...............###
#.........#............
##......................
#.....9.................
.....9L9.§.§............
.....a9@.§§..§§.....#...
.....99.§.§§§.§§........ .......
...§.§..§§§§..§§........
..............8§§§§§§.§§§........
............§§§§§§§§§.§§§§.......
.............§§.§.§§..§§§§.......
..............§§.§§§.§§.§§.......
§§...........§§§§§§§§§...........
§.............§.§§§§§§§..........


You could see an imperial myrmidon, a halazid warlock, 3 peacekeepers and 3
saltlings.

Vanquished Creatures
  Jorgrun (D:12)
  A sphinx (Vaults:3)
  Kirke (D:12)
  Ilsuiw (Shoals:2)
  3 imperial myrmidons (Desolation)
  A vault warden (Vaults:2)
  6 emperor scorpions
  An orc warlord (Vaults:1)
  5 ghost moths
  7 ironbound preservers
  A broodmother (Spider:2)
  3 ironbound thunderhulks
  2 spark wasps
  A halazid warlock (Desolation)
  A minotaur (Gauntlet)
  An ettin (Orc:1)
  11 dire elephants
  10 merfolk impalers
  2 crystal guardians (Desolation)
  A rakshasa (D:15)
  A merfolk javelineer (Shoals:4)
  3 yaktaur captains
  4 ragged hierophants (Desolation)
  6 servants of whispers (Desolation)
  A great orb of eyes (Vaults:2)
  Fannar (D:11)
  4 entropy weavers
  7 peacekeepers (Desolation)
  10 hydras
  A merfolk avatar (Shoals:4)
  2 ironbound frosthearts (Vaults:1)
  2 jorogumos
  3 catoblepae (Lair:5)
  4 radroaches
  An ogre mage (D:15)
  12 centaur warriors
  2 dancing weapons (D:14)
  4 merfolk aquamancers
  10 two-headed ogres
  An alligator snapping turtle (Shoals:4)
  6 boulder beetles
  4 satyrs
  A tengu warrior (D:15)
  Erica (D:9)
  6 death yaks (Lair:5)
  2 orc high priests
  Nergalle (Orc:1)
  3 pharaoh ants
  3 skeletal warriors (D:12)
  2 skysharks
  A sun moth (Spider:2)
  11 orb spiders
  29 deep trolls
  8 lindwurms
  5 sea snakes
  8 ironbound convokers
  5 wizards
  Pikel (D:9)
  3 deep elf pyromancers
  A wolf spider zombie (D:15)
  6 steelbarb worms
  3 orc knights
  A deep elf zephyrmancer (D:15)
  10 harpies
  22 wolf spiders
  3 necromancers
  16 fauns
  18 manticores
  27 ugly things
  Maurice (D:11)
  12 cyclopes
  6 orc sorcerers
  13 merfolk sirens
  A moth of wrath (Spider:4)
  6 guardian serpents (Desolation)
  11 elephants
  5 vault sentinels
  2 naga magi (D:15)
  A molten gargoyle (Desolation)
  3 black mambas
  2 water nymphs (Shoals:4)
  7 cane toads
  8 torpor snails
  An unseen horror zombie (D:9)
  An unseen horror (D:12)
  15 demonic crawlers
  A centaur skeleton (D:15)
  4 yaktaurs (Vaults:2)
  2 freezing wraiths
  4 rime drakes
  2 efreet
  12 komodo dragons
  42 merfolk
  6 trolls
  A queen bee (Spider:3)
  6 wind drakes
  3 meliai (Spider:3)
  40 saltlings (Desolation)
  33 tarantellas
  2 hornets
  17 blink frogs
  10 dream sheep
  6 snapping turtles
  27 jumping spiders
  Sigmund (D:5)
  A centaur simulacrum (D:15)
  19 slime creatures
  A shadow (D:11)
  24 culicivoras
  9 water elementals
  3 wyverns
  A wraith (D:12)
  57 yaks
  A ynoxinul (Gauntlet)
  2 vampires (D:10)
  4 hogs (D:12)
  A hog (shapeshifter) (D:14)
  3 steam dragons
  4 basilisks
  39 redbacks
  9 vampire mosquitoes (D:14)
  3 wargs
  An acid dragon (D:10)
  9 water moccasins
  16 orc warriors
  Pargi (Sewer)
  2 ice beasts
  2 sky beasts (D:6)
  13 black bears
  4 ogres
  20 wolves
  A wolf (shapeshifter) (D:14)
  2 lemures (D:9)
  10 centaurs
  4 kobold brigands
  Blork the orc (D:4)
  10 bullfrogs
  A scorpion (D:5)
  8 wights
  23 killer bees
  4 electric eels
  4 jellies
  3 centaur zombies
  6 hounds
  4 iron imps (Gauntlet)
  22 orc priests
  2 gnoll boudas
  3 iguanas
  A sleepcap (D:6)
  32 orc wizards
  2 hell rats (Lair:2)
  Robin (D:2)
  11 gnolls
  9 adders
  12 river rats (Lair:2)
  A shadow imp (D:6)
  3 white imps
  An ufetubus (D:5)
  4 dart slugs
  63 orcs
  6 endoplasms
  10 giant cockroaches
  11 goblins
  8 hobgoblins (D:2)
  2 jackals (D:1)
  3 quokkas
  3 ball pythons
  4 bats
  A frilled lizard (D:1)
  22 kobolds
  6 rats
  2 pillars of salt (Vaults:3)
1235 creatures vanquished.

Vanquished Creatures (others)
  A merfolk impaler (Shoals:4)
  A saltling (Desolation)
  A redback (Spider:3)
  An orc priest (Orc:2)
  An orc wizard (Orc:2)
  An orc (Orc:1)
  10 fungi
  87 plants
103 creatures vanquished.

Grand Total: 1338 creatures vanquished

Notes
Turn   | Place    | Note
-------+----------+-------------------------------------------
     0 | D:1      | selver the Minotaur Fighter began the quest for the Orb.
     0 | D:1      | Reached XP level 1. HP: 19/19 MP: 0/0
   148 | D:1      | Found a faded altar of an unknown god.
   246 | D:1      | Reached XP level 2. HP: 26/26 MP: 1/1
  1057 | D:2      | Reached XP level 3. HP: 31/31 MP: 2/2
  1300 | D:2      | Reached skill level 5 in Axes
  1301 | D:2      | Reached XP level 4. HP: 39/39 MP: 3/3
  1355 | D:2      | Noticed Robin
  1359 | D:2      | Killed Robin
  1769 | D:3      | Found Matworch's Antique Armour Shop.
  1932 | D:3      | Found a glowing drain.
  1943 | Sewer    | Entered a sewer
  1971 | Sewer    | Noticed Pargi
  1976 | Sewer    | Killed Pargi
  1977 | Sewer    | Reached XP level 5. HP: 45/45 MP: 4/4
  2264 | D:4      | Noticed a black bear
  2274 | D:3      | Killed a black bear
  2275 | D:3      | Reached XP level 6. HP: 37/51 MP: 5/5
  2592 | D:4      | Identified the +1 scale mail of Weirdness {rPois Int+3
                  | Slay-5}
  2770 | D:4      | Noticed Blork the orc
  2777 | D:4      | Killed Blork the orc
  3405 | D:5      | Entered Level 5 of the Dungeon
  3449 | D:5      | Noticed a water moccasin
  3460 | D:5      | Killed a water moccasin
  3461 | D:5      | Reached XP level 7. HP: 39/57 MP: 6/6
  3568 | D:5      | Noticed Sigmund
  3604 | D:5      | Killed Sigmund
  3605 | D:5      | Reached skill level 10 in Axes
  3879 | D:5      | Found Xulyser's General Store.
  3887 | D:5      | Bought a scroll of identify for 26 gold pieces
  4052 | D:5      | Noticed a troll
  4061 | D:5      | Killed a troll
  4062 | D:5      | Reached XP level 8. HP: 40/64 MP: 7/7
  4754 | D:6      | Identified the +3 robe of Creativity {rF- rC++ rN++ Slay-2}
  4885 | D:6      | Found a staircase to the Ecumenical Temple.
  4894 | Temple   | Entered the Ecumenical Temple
  5065 | Temple   | Became a worshipper of Gozag Ym Sagoz the Greedy
  5387 | D:6      | Noticed a manticore
  5405 | D:6      | Killed a manticore
  5406 | D:6      | Reached XP level 9. HP: 29/70 MP: 8/8
  5653 | D:6      | Reached skill level 15 in Axes
  5804 | D:6      | Identified the +3 helmet of the Valley of Death {Str+3}
  6346 | D:6      | Identified 2 scrolls of acquirement
  6346 | D:6      | Acquired a manual of Fighting
  6350 | D:6      | Acquired a +1 war axe of flaming
  7178 | D:7      | Found a glowing golden altar of the Shining One.
  7240 | D:7      | You fall into a shaft and drop 2 floors!
  7287 | D:9      | Found a hazy altar of Hepliaklqana.
  7301 | D:9      | Found a sacrificial altar of Ru.
  7657 | D:8      | Found a sparkling altar of Nemelex Xobeh.
  7657 | D:8      | Found a broken altar of Ashenzari.
  7673 | D:8      | Reached skill level 4 in Fighting
  7695 | D:8      | Reached skill level 5 in Fighting
  7697 | D:8      | Reached skill level 6 in Fighting
  7700 | D:8      | Reached skill level 7 in Fighting
  7705 | D:8      | Reached skill level 8 in Fighting
  7846 | D:8      | Reached XP level 10. HP: 81/90 MP: 9/9
  7847 | D:8      | Reached skill level 9 in Fighting
  7989 | D:8      | Noticed a white ugly thing
  7996 | D:8      | Killed a white ugly thing
  7997 | D:8      | Reached skill level 10 in Fighting
  8195 | D:8      | Noticed a five-headed hydra
  8196 | D:8      | Reached skill level 11 in Fighting
  8212 | D:8      | Noticed a cyclops
  8218 | D:8      | Killed a one-headed hydra
  8219 | D:8      | Reached skill level 12 in Fighting
  8235 | D:8      | Reached skill level 13 in Fighting
  8242 | D:8      | Noticed a purple ugly thing
  8248 | D:8      | Killed a cyclops
  8249 | D:8      | Reached skill level 14 in Fighting
  8251 | D:8      | Noticed a deep elf pyromancer
  8464 | D:8      | Killed a purple ugly thing
  8486 | D:8      | Identified the staff of earth "Udad" {Int+2}
  8543 | D:8      | Killed a deep elf pyromancer
  8544 | D:8      | Reached skill level 15 in Fighting
  8828 | D:9      | Noticed Pikel
  8840 | D:9      | Killed Pikel
  8930 | D:9      | Noticed an orange crystal statue
  9003 | D:9      | Noticed a two-headed ogre
  9009 | D:9      | Killed a two-headed ogre
  9010 | D:9      | Reached skill level 16 in Fighting
  9010 | D:9      | Reached XP level 11. HP: 114/114 MP: 10/10
  9309 | D:9      | Noticed Erica
  9483 | D:3      | Bought a glowing plate armour for 702 gold pieces
  9483 | D:3      | Bought a pair of runed gloves for 202 gold pieces
  9786 | D:9      | Killed Erica
 10057 | D:9      | Reached skill level 5 in Armour
 10071 | D:9      | Paralysed by a hornet for 2 turns
 10084 | D:9      | Found a staircase to the Lair.
 10220 | D:9      | Found a basalt altar of Yredelemnul.
 10531 | Lair:1   | Entered Level 1 of the Lair of Beasts
 10781 | Lair:1   | Reached skill level 10 in Armour
 11296 | Lair:1   | Noticed a skyshark
 11300 | Lair:1   | Killed a skyshark
 11397 | Lair:2   | Found a hole to the Spider Nest.
 11549 | Lair:2   | Noticed a boulder beetle
 11572 | Lair:2   | Killed a boulder beetle
 11573 | Lair:2   | Reached XP level 12. HP: 50/122 MP: 11/11
 11848 | Lair:2   | Found a staircase to the Shoals.
 12587 | Lair:2   | Noticed a seven-headed hydra
 12597 | Lair:2   | Killed a four-headed hydra
 12862 | Lair:2   | Acquired the +2 hat "Zacir" {Will- Str+3 Dex+8 Stlth+}
 13173 | Lair:2   | Reached skill level 15 in Armour
 13270 | Lair:2   | Noticed a six-headed hydra
 13277 | Lair:2   | Killed a four-headed hydra
 13376 | Lair:3   | Reached skill level 1 in Spellcasting
 13380 | Lair:3   | Reached skill level 1 in Dodging
 13641 | Lair:3   | Learned a level 2 spell: Wereblood
 13998 | Lair:3   | Reached XP level 13. HP: 129/129 MP: 19/19
 14016 | Lair:3   | Reached skill level 1 in Transmutations
 14583 | Lair:4   | Reached skill level 5 in Dodging
 15446 | Lair:5   | Entered Level 5 of the Lair of Beasts
 15676 | Lair:5   | Reached skill level 5 in Transmutations
 15709 | Lair:5   | Reached skill level 5 in Spellcasting
 15920 | Lair:5   | Found a staircase to the Slime Pits.
 15920 | Lair:5   | Found a viscous altar of Jiyva.
 16438 | Lair:5   | Reached XP level 14. HP: 99/137 MP: 22/22
 17539 | D:10     | Entered Level 10 of the Dungeon
 17777 | D:10     | Found a staircase to the Orcish Mines.
 18216 | D:10     | Bought a crude battleaxe for 437 gold pieces
 18216 | D:10     | Identified the +10 battleaxe of Infinity {flame, Int+4
                  | Dex-4} (You bought it in a shop on level 10 of the Dungeon)
 18220 | Orc:1    | Entered Level 1 of the Orcish Mines
 18302 | Orc:1    | Noticed Nergalle
 18319 | Orc:1    | Killed Nergalle
 18570 | Orc:2    | Entered Level 2 of the Orcish Mines
 19246 | Orc:2    | Paralysed by an orc sorcerer for 2 turns
 19468 | Orc:2    | Found a staircase to the Elven Halls.
 19517 | Orc:2    | Found a radiant altar of Vehumet.
 19608 | Orc:2    | Found Ighecos's Antique Weapon Emporium.
 19608 | Orc:2    | Found Pamappeptydgh's Assorted Antiques.
 19611 | Orc:2    | Found Ojudo's General Store.
 19613 | Orc:2    | Found Noskis's Antique Weapon Emporium.
 19649 | Orc:2    | Bought the +0 cloak "Niagas" {Will+ Int+4} for 306 gold
                  | pieces
 19649 | Orc:2    | Bought a scroll of identify for 24 gold pieces
 19652 | Orc:2    | Bought a green potion for 27 gold pieces
 19652 | Orc:2    | Bought a potion of mutation for 248 gold pieces
 19652 | Orc:2    | Bought a scroll of identify for 62 gold pieces
 19847 | D:11     | Noticed Maurice
 19856 | D:11     | Killed Maurice
 20088 | D:11     | Noticed Fannar
 20100 | D:11     | Killed Fannar
 20467 | D:12     | Reached skill level 10 in Transmutations
 20614 | D:12     | Noticed Kirke
 20639 | D:12     | Killed Kirke
 20883 | D:12     | Identified the +4 long sword "Nege" {protect, rPois rF-
                  | Int+7}
 21081 | D:12     | Noticed Jorgrun
 21101 | D:12     | Killed Jorgrun
 21551 | D:13     | Reached XP level 15. HP: 134/144 MP: 25/25
 21882 | D:13     | Identified the -1 pair of boots of Leapfrog {rN++ Dex+3}
 22089 | D:14     | Found a gate leading to a gauntlet.
 22095 | Gauntlet | Entered a Gauntlet
 22095 | Gauntlet | Found a transporter.
 22346 | Gauntlet | Found a transporter.
 22348 | Gauntlet | Found a transporter.
 22372 | Gauntlet | Found a transporter.
 22388 | Gauntlet | Found a transporter.
 22389 | Gauntlet | Found a transporter.
 22398 | Gauntlet | Found a transporter.
 22404 | Gauntlet | Found the necklace of Bloodlust {Fury *Rage Will++ Int-3
                  | Slay+6}
 22413 | Gauntlet | Found a runed translucent gate.
 22414 | Gauntlet | Found a transporter.
 22414 | Gauntlet | Found a runed translucent gate.
 22415 | Gauntlet | Found a runed translucent gate.
 22428 | Gauntlet | Found a transporter.
 22432 | Gauntlet | Found a transporter.
 22432 | Gauntlet | Found a transporter.
 22453 | Gauntlet | Found a transporter.
 22458 | Gauntlet | Found a transporter.
 22463 | Gauntlet | Found a runed translucent door.
 22503 | Gauntlet | Found a transporter.
 22616 | Gauntlet | Identified the ring of Qytenn {rElec rC+ Will++ Str+3
                  | Dex+6}
 22625 | Gauntlet | Acquired 1050 gold pieces
 22731 | Gauntlet | Identified the +6 battleaxe of the Kidney {flame, Int+3}
 22745 | D:14     | Found a sacrificial altar of Ru.
 22814 | D:14     | Found a gate to the Vaults.
 22842 | D:14     | Reached skill level 10 in Dodging
 23311 | D:15     | Entered Level 15 of the Dungeon
 23521 | D:15     | Reached skill level 5 in Shields
 23825 | D:15     | Found a shimmering blue altar of Sif Muna.
 23828 | D:15     | Found a sacrificial altar of Ru.
 23828 | D:15     | Found a bloodstained altar of Trog.
 23830 | D:15     | Found an opulent altar of Gozag.
 23830 | D:15     | Found a bloodstained altar of Trog.
 23830 | D:15     | Found a shimmering altar of Xom.
 23902 | D:15     | Found a staircase to the Depths.
 24352 | Spider:1 | Entered Level 1 of the Spider Nest
 24362 | Spider:1 | Reached skill level 10 in Shields
 24558 | Spider:1 | Identified the +7 war axe "Pendulum" {flame, Int+3}
 24625 | Spider:1 | Noticed an emperor scorpion
 24640 | Spider:1 | Killed an emperor scorpion
 24703 | Spider:1 | Reached skill level 17 in Fighting
 24703 | Spider:1 | Reached XP level 16. HP: 87/155 MP: 26/26
 24777 | Spider:1 | Identified the +12 shortbow of the Writhing Penguin {heavy,
                  | Stlth+}
 25417 | Spider:2 | Reached skill level 18 in Fighting
 26044 | Spider:2 | Reached skill level 19 in Fighting
 26374 | Spider:3 | Reached skill level 20 in Fighting
 26971 | Spider:3 | Reached skill level 21 in Fighting
 27118 | Spider:3 | Acquired 568 gold pieces
 27547 | Spider:4 | Entered Level 4 of the Spider Nest
 27743 | Spider:4 | Reached XP level 17. HP: 173/173 MP: 27/27
 28267 | Spider:4 | Got a gossamer rune of Zot
 28466 | Lair:2   | Bought a glowing cloak for 202 gold pieces
 28469 | Shoals:1 | Entered Level 1 of the Shoals
 28611 | Shoals:1 | Found Dihuk's General Store.
 28692 | Shoals:1 | Bought a scroll of enchant weapon for 120 gold pieces
 28692 | Shoals:1 | Bought a scroll of enchant armour for 120 gold pieces
 28692 | Shoals:1 | Bought a scroll of fear for 64 gold pieces
 29233 | Shoals:2 | Found Etimim's Jewellery Shoppe.
 29243 | Shoals:2 | Bought a +6 ring of strength for 612 gold pieces
 29296 | Shoals:2 | Found Hucawk's Antique Weapon Shoppe.
 29361 | Shoals:2 | Bought an encrusted war axe for 297 gold pieces
 29361 | Shoals:2 | Identified the +7 war axe "Acaidir" {freeze, rC+ rN+ Will+
                  | Str+2} (You bought it in a shop on level 2 of the Shoals)
 29492 | Shoals:2 | Found a sacrificial altar of Ru.
 29666 | Shoals:2 | Noticed Ilsuiw
 29674 | Shoals:2 | Killed Ilsuiw
 30309 | Shoals:3 | Identified the +11 trident "Lyp Xaup" {venom, rElec rC+
                  | Str+2 Dex+3}
 30881 | Shoals:4 | Entered Level 4 of the Shoals
 31546 | Shoals:4 | Reached XP level 18. HP: 176/182 MP: 28/28
 31561 | Shoals:4 | Got the Octavo of Grey Hyperthermia
 31773 | Shoals:4 | Got a barnacled rune of Zot
 32314 | Vaults:1 | Entered Level 1 of the Vaults
 33351 | Vaults:1 | Identified the +5 dire flail of Urgency {freeze, Dex+3}
 34035 | Vaults:2 | Reached XP level 19. HP: 181/189 MP: 29/29
 34179 | Vaults:2 | Found a staircase to the Crypt.
 34179 | Vaults:2 | Found an ancient bone altar of Kikubaaqudgha.
 34179 | Vaults:2 | Found a basalt altar of Yredelemnul.
 34253 | Vaults:2 | You fall into a shaft and drop 1 floor!
 34303 | Vaults:3 | Found a crumbling gateway.
 34312 | Desolati | Entered the Desolation of Salt
 34363 | Desolati | Reached skill level 22 in Fighting
 34704 | Desolati | Got the Incunabulum of Malignant Spells
 34706 | Desolati | Identified the +5 ring mail of the Maze {Drain +Blink rF++
                  | SInv}
 34708 | Desolati | Identified the +4 ice dragon scales "Wosappy" {rElec rF-
                  | rC++ rCorr Str+4 SInv}
 34753 | Desolati | Reached skill level 23 in Fighting
 34914 | Desolati | Killed from afar by a halazid warlock

Illustrated notes

Levels and vault maps discovered:
D:1:      dpeg_arrival_prison, layout_loops_corners,
          nicolae_ecumenical_lake_church, minivault_11, grunt_decor_arrowhead,
          minivault_27
D:2:      layout_loops_ring, minmay_heptomino_h4, uniq_robin
D:3:      layout_rooms, serial_shops, nicolae_shop_statue_plus,
          gup_sewer_entry_pipe
D:4:      layout_loops_ring, kennysheep_generic_room_5, uniq_blork_the_orc
D:5:      layout_gridville, serial_shops, nicolae_shop_statue_plus, uniq_sigmund
D:6:      layout_basic, minmay_temple_entry_statues_fountains,
          minmay_a_box_with_orc_wizards_in_it
D:7:      layout_basic, marbit_many_paths, chequers_garden
D:8:      layout_gridville, chequers_temple_overflow_statue_of_worship,
          chequers_hall_statues_wall_a, minmay_pinched_square
D:9:      layout_loops_ring, mainiacjoe_overflow_swirl,
          lemuel_zombie_altar_yredelemnul, lair_entry_dummy, minivault_16,
          uniq_pikel, uniq_erica
D:10:     layout_irregular_city, orc_0_dummy
D:11:     layout_cave_pools, uniq_maurice, uniq_fannar
D:12:     layout_long_grid, uniq_kirke, uniq_jorgrun
D:13:     layout_irregular_city, grunt_ministairs_15
D:14:     layout_rooms, erik_vaults_1, gauntlet_entry_generic, serial_glass,
          glass_columns_a, glass_columns_b, nicolae_ru_sacrificial_ziggurat
D:15:     grunt_enter_depths_magical_seal, layout_rooms, serial_curves,
          eino_curves_04, eino_curves_03, doesnt_xom_only_xom
Temple:   nicolae_temple_bog_church
Lair:1:   layout_loops_ring, lemuel_fruit_tree
Lair:2:   nzn_winding_woodlands_large [nzn_winding_woodlands_5x5_closed_star,
          nzn_winding_woodlands_5x15_lazy_stream,
          nzn_winding_woodlands_5x5_three, nzn_winding_woodlands_center_garden,
          nzn_winding_woodlands_15x15_eel_pit,
          nzn_winding_woodlands_center_lodge, nzn_winding_woodlands_5x5_default,
          nzn_winding_woodlands_5x15_river_crossing,
          nzn_winding_woodlands_5x5_perimeter], layout_gridlike,
          elwin_shoals_entry_stream, spider_nest_entry_webs, kennysheep_rathole
Lair:3:   layout_gridlike, beast_lair_carwin_10, infiniplex_staircase_pool_2,
          serial_bayou_shore_b
Lair:4:   layout_regular_city
Lair:5:   evilmike_catoblepas_cave, layout_small_grid,
          minmay_slime_entry_pillars, serial_bayou_lagoon_b
Shoals:1: layout_shoals, serial_shops, nicolae_shop_statue_plus
Shoals:2: layout_shoals, serial_shops, shop, nicolae_stop_n_shop_2,
          lemuel_oklob_altar, uniq_ilsuiw
Shoals:3: layout_shoals
Shoals:4: shoals_end_simple, layout_shoals
Spider:1: layout_spider_delve, nicolae_spider_eight_legs
Spider:2: layout_spider_delve, nicolae_crawler_farm
Spider:3: layout_spider_delve, special_room [special_room_bee]
Spider:4: grunt_spider_rune_island
Orc:1:    layout_caves, mines1_david, uniq_nergalle
Orc:2:    st_orc_mages, layout_caves, basic_altar
Vaults:1: nicolae_vaults_mini_display_case, v_rooms_6,
          ontoclasm_vaults_ring_large, v_misc_4,
          ontoclasm_vaults_decontamination, ontoclasm_vaults_twist,
          hangedman_vaults_stretched_pinwheel, vaults_dpeg_encased_lava,
          hangedman_vaults_corner_blocks, v_misc_3,
          nicolae_vaults_little_squares_2, hangedman_vaults_snaps,
          layout_vaults_big_cross
Vaults:2: vaults_room_hallway, minmay_crypt_entry_necro_gods, v_pattern_3,
          v_rooms_2, v_misc_27, hangedman_vaults_river_flow,
          hangedman_vaults_hat, vaults_room_semicircle, layout_vaults_omnigrid
Vaults:3: portal_desolation_entry_garden, v_alt_pattern_4,
          nicolae_vaults_back_hallway, nicolae_vaults_quartermaster,
          nicolae_vaults_little_squares_1, hangedman_vaults_maws,
          nicolae_vaults_windows_and_doors_thing, hangedman_vaults_nodes,
          hangedman_vaults_slice, dpeg_vaults_monster_box,
          ontoclasm_vaults_fault, v_misc_19, layout_vaults_omnibox
Desolation

Skill      XL: |  1  2  3  4  5  6  7  8  9 10 11 12 13 14 15 16 17 18 19 |
---------------+----------------------------------------------------------+-----
Axes           | 3 4 5 7 8 9 11 14 16 18 22 | 22.6
Fighting       | 8 16 17 21 23 | 23.1
Armour         | 12 15 19 | 19.4
Spellcasting   | 4 6 7 |  7.8
Dodging        | 3 8 12 | 12.2
Transmutations | 6 10 11 | 11.4
Shields        | 10 | 10.4

Action                     |  1- 3 |  4- 6 |  7- 9 | 10-12 | 13-15 | 16-18 | 19-21 || total
---------------------------+-------+-------+-------+-------+-------+-------+-------++-------
  Melee: War axe           |    61 |   135 |   239 |   507 |  1080 |  1182 |   199 ||  3403
         Headbutt          |     4 |    17 |    43 |    98 |   315 |   345 |    64 ||   886
         Battleaxe         |       |       |       |       |    61 |       |       ||    61
   Cast: Wereblood         |       |       |       |       |     9 |    30 |     7 ||    46
 Invoke: Call Merchant     |       |       |       |       |     5 |     2 |       ||     7
  Evoke: Wand              |       |       |       |       |       |     3 |       ||     3
    Use: Potion            |       |     1 |     7 |     2 |     2 |     3 |     2 ||    17
         Scroll            |       |     4 |    19 |     4 |    11 |     6 |     3 ||    47
   Stab: Invisible         |       |       |     3 |       |       |    15 |       ||    18
         Distracted        |       |       |       |     3 |     7 |    16 |     8 ||    34
         Petrified         |       |       |       |       |     9 |       |       ||     9
 Armour: Scale mail        |    25 |    15 |       |       |       |       |       ||    40
         Chain mail        |       |    61 |    94 |    17 |       |       |       ||   172
         Plate armour      |       |       |       |   123 |   477 |   501 |    81 ||  1182
  Dodge: Dodged            |    29 |    49 |    71 |   184 |   655 |   747 |    97 ||  1832
         Repelled          |       |       |       |     7 |    10 |     9 |     3 ||    29
  Block: Buckler           |    12 |    26 |    48 |    69 |   253 |       |       ||   408
         Kite shield       |       |       |       |       |   191 |   894 |   108 ||  1193

Table legend: (Time is in decaauts)
 A = Elapsed time spent in this place.
 B = Non-inter-level travel time spent in this place.
 C = Inter-level travel time spent in this place.
 D = Time resting spent in this place.
 E = Time spent auto-exploring this place.
 F = Levels seen in this place.
 G = Mean time per level.
                   A        B        C        D        E       F      G
               +--------+--------+--------+--------+--------+-----+--------+
         Total |  34823 |  32600 |   2223 |   6052 |  17438 |  37 |  941.2 |
       Dungeon |  14957 |  13691 |   1266 |   2619 |   8598 |  15 |  997.1 |
        Temple |    186 |    158 |     28 |      0 |    146 |   1 |  186.0 |
          Lair |   7167 |   6652 |    515 |   1821 |   2975 |   5 | 1433.4 |
        Shoals |   3912 |   3728 |    184 |    313 |   2387 |   4 |  978.0 |
   Spider Nest |   3893 |   3768 |    125 |    764 |   1625 |   4 |  973.2 |
  Orcish Mines |   1408 |   1336 |     72 |     88 |    290 |   2 |  704.0 |
        Vaults |   1939 |   1908 |     31 |     79 |   1321 |   3 |  646.3 |
         Sewer |    154 |    154 |      0 |      0 |     94 |   1 |  154.0 |
    Desolation |    573 |    573 |      0 |     85 |      0 |   1 |  573.0 |
      Gauntlet |    629 |    629 |      0 |    283 |      0 |   1 |  629.0 |
               +--------+--------+--------+--------+--------+-----+--------+

Top non-repeatable levels by time:
  Lair:2: 2297 daAuts
     D:6: 1908 daAuts
  Lair:5: 1903 daAuts
     D:9: 1547 daAuts
     D:8: 1439 daAuts
Vaults:1: 1354 daAuts
Shoals:4: 1251 daAuts
Spider:2: 1248 daAuts
     D:5: 1243 daAuts
Spider:3: 1130 daAuts
  Lair:4: 1060 daAuts
     D:4: 1044 daAuts
  Lair:3: 1004 daAuts
     D:1: 1004 daAuts
Shoals:2: 959 daAuts
